 Dungeon Crawl Stone Soup version 0.27.1-35-g4d5d836560 (console) character file.

Game seed: 2909357862048459959

994 Banquo the Chopper (level 8, -1/61 HPs)
             Began as a Formicid Fighter on Feb 26, 2022.
             Was a Follower of Qazlal.
             Slain by a vampire mosquito (2 damage)
             ... on level 12 of the Dungeon.
             The game lasted 00:17:33 (5034 turns).

Banquo the Chopper (Formicid Fighter)               Turns: 5034, Time: 00:17:33

Health: -1/61      AC: 19    Str: 23    XL:     8   Next: 42%
Magic:  8/8        EV:  2    Int: 12    God:    Qazlal [*.....]
Gold:   248        SH: 11    Dex: 10    Spells: 7/7 levels left

rFire    . . .     SeeInvis +   a - +0 war axe
rCold    . . .     Faith    .   i - +0 kite shield
rNeg     . . .     Spirit   .   h - +1 crystal plate armour of Knowledge {Int+4}
rPois    .         Reflect  .   (helmet unavailable)
rElec    .         Harm     .   (no cloak)
rCorr    .         Rampage  .   (no gloves)
Will     .....                  f - +0 pair of boots
Stlth    ..........             (no amulet)
HPRegen  0.20/turn              (no ring)
MPRegen  0.11/turn              (no ring)

@: brilliant
A: permanent stasis, dig shafts and tunnels, antennae 3, four strong arms
a: Dig, Shaft Self, Renounce Religion


You were on level 12 of the Dungeon.
You worshipped Qazlal.
Qazlal was aware of your devotion.
You visited 2 branches of the dungeon, and saw 9 of its levels.

You collected 248 gold pieces.

Inventory:

Hand Weapons
 a - a +0 war axe (weapon)
 c - a +0 spear
 l - a +0 vorpal hand axe
 n - a +0 trident
Missiles
 g - 129 stones
 j - 37 poisoned darts
 t - 4 curare-tipped darts
Armour
 b - a +0 scale mail
 e - a +0 pair of boots
 f - a +0 pair of boots (worn)
 h - the +1 crystal plate armour of Knowledge (worn) {Int+4}
   (You acquired it on level 4 of the Dungeon)

   Int:       It affects your intelligence (+4).
 i - a +0 kite shield (worn)
 o - a +0 pair of boots
Magical Staves
 m - a staff of cold
Potions
 d - a potion of might
 k - a potion of flight
 q - 2 potions of curing
 r - a potion of brilliance
 s - a potion of resistance


   Skills:
 * Level 4.4 Fighting
 * Level 7.8 Axes
 * Level 4.9 Armour
 * Level 5.1 Shields


You had 7 spell levels left.
You didn't know any spells.
Your spell library was empty.

Dungeon Overview and Level Annotations

Branches:
Dungeon (5/15)             Temple (1/1) D:4

Altars:
Ashenzari
Cheibriados
Dithmenos
Elyvilon
Fedhas
Gozag
Kikubaaqudgha
Qazlal
Ru
Sif Muna
Trog
Uskayaw
Vehumet
Wu Jian
Xom
Yredelemnul
Zin
The Shining One

Shops:
D:3 [


Innate Abilities, Weirdness & Mutations

You cannot be hasted, slowed, berserked, paralysed or teleported.
You can dig through walls and to a lower floor.
You have a pair of large antennae on your head. (SInv)
Your four strong arms can wield two-handed weapons with a shield.


Message History

The vampire mosquito is lightly damaged.
You slash the vampire mosquito!
You block the vampire mosquito's attack.
The vampire mosquito bites you but does no damage.
The vampire mosquito completely misses you.
The vampire mosquito bites you but does no damage.
You hit the vampire mosquito.
The vampire mosquito is moderately damaged.
You closely miss the vampire mosquito.
The vampire mosquito bites you but does no damage.
You block the vampire mosquito's attack.
The vampire mosquito bites you but does no damage.
You block the vampire mosquito's attack.
The vampire mosquito bites you but does no damage.
You slash the vampire mosquito!
The vampire mosquito is severely damaged.
You closely miss the vampire mosquito.
You block the vampire mosquito's attack.
The vampire mosquito bites you.
* * * LOW HITPOINT WARNING * * *
The vampire mosquito draws strength from your injuries!
The vampire mosquito bites you.
* * * LOW HITPOINT WARNING * * *
The vampire mosquito draws strength from your injuries!
You block the vampire mosquito's attack. x2
Unknown command.
You miss the vampire mosquito.
The vampire mosquito is severely damaged.
You hit the vampire mosquito.
You block the vampire mosquito's attack. x2
The vampire mosquito bites you.
* * * LOW HITPOINT WARNING * * *
The vampire mosquito draws strength from your injuries!
The vampire mosquito bites you!
* * * LOW HITPOINT WARNING * * *
The vampire mosquito draws strength from your injuries!
You slash the vampire mosquito!
The vampire mosquito is almost destroyed.
You barely miss the vampire mosquito. The vampire mosquito bites you.
You die...

... . .. .. ..
... .## ## ....
.. .# ###
.....#.#.#.>.
......y...##.##
#.@°......
##y#.#.... ...
# . #....
###... #.## ##


You could see 2 vampire mosquitoes.

Vanquished Creatures
  2 yaks (D:9)
  A phantom (D:4)
  A wyvern zombie (D:5)
  A scorpion (D:5)
  3 orc priests
  A hound (D:4)
  2 iguanas
  7 orc wizards
  A gnoll (D:5)
  6 adders
  A shadow imp (D:5)
  An adder skeleton (D:4)
  2 dart slugs
  22 orcs
  4 endoplasms
  A giant cockroach (D:1)
  5 goblins
  3 hobgoblins
  4 jackals
  7 kobolds
  2 quokkas
  7 bats
  3 frilled lizards
  3 rats
90 creatures vanquished.

Notes
Turn   | Place    | Note
-------+----------+-------------------------------------------
     0 | D:1      | Banquo the Formicid Fighter began the quest for the Orb.
     0 | D:1      | Reached XP level 1. HP: 18/18 MP: 1/1
   256 | D:1      | Reached XP level 2. HP: 22/24 MP: 2/2
   407 | D:1      | Reached skill level 3 in Axes
   686 | D:2      | Reached XP level 3. HP: 29/29 MP: 3/3
  1537 | D:3      | Reached skill level 4 in Axes
  1537 | D:3      | Reached XP level 4. HP: 35/35 MP: 4/4
  1796 | D:3      | Reached skill level 5 in Axes
  1796 | D:3      | Reached XP level 5. HP: 16/41 MP: 5/5
  2024 | D:3      | You fall into a shaft and drop 1 floor!
  2024 | D:4      | Noticed a phantom
  2043 | D:4      | Killed a phantom
  2044 | D:4      | Reached skill level 6 in Axes
  2044 | D:4      | Reached XP level 6. HP: 43/47 MP: 6/6
  2065 | D:4      | Identified a scroll of acquirement
  2065 | D:4      | Acquired the +1 crystal plate armour of Knowledge {Int+4}
  2172 | D:3      | You fall into a shaft and drop 2 floors!
  2172 | D:5      | Entered Level 5 of the Dungeon
  2469 | D:3      | Found Kuplumao's Antique Armour Boutique.
  2660 | D:3      | Found an ancient bone altar of Kikubaaqudgha.
  2957 | D:4      | Reached XP level 7. HP: 32/52 MP: 7/7
  3160 | D:4      | Found a glowing silver altar of Zin.
  3325 | D:4      | Found a staircase to the Ecumenical Temple.
  3328 | Temple   | Entered the Ecumenical Temple
  3596 | Temple   | Became a worshipper of Qazlal Stormbringer
  4202 | D:4      | Found a blossoming altar of Fedhas.
  4391 | D:4      | Reached skill level 7 in Axes
  4606 | D:5      | Reached * piety under Qazlal
  4768 | D:5      | You fall into a shaft and drop 3 floors!
  4768 | D:8      | Found a sacrificial altar of Ru.
  4774 | D:8      | You fall into a shaft and drop 1 floor!
  4774 | D:9      | Found a broken altar of Ashenzari.
  5003 | D:9      | Noticed a yak
  5003 | D:9      | Noticed a yak
  5003 | D:9      | Noticed a yak
  5003 | D:9      | Noticed a yak
  5003 | D:9      | Noticed a yak
  5004 | D:9      | Noticed a yak
  5016 | D:9      | Killed a yak
  5017 | D:9      | Reached XP level 8. HP: 34/60 MP: 8/8
  5019 | D:9      | Killed a yak
  5020 | D:9      | Reached skill level 5 in Shields
  5027 | D:9      | You fall into a shaft and drop 3 floors!
  5033 | D:12     | HP: 1/61 [vampire mosquito (7)]
  5034 | D:12     | Slain by a vampire mosquito

Illustrated notes

Levels and vault maps discovered:
D:1:      dpeg_arrival_rooms_a, layout_rooms, minmay_misc_feat_enclosed
D:2:      layout_loops_corners, palyth_stone_intersect
D:3:      layout_basic, mainiacjoe_overflow_alcove_1, serial_shops, shop
D:4:      layout_basic, zin_academy, kennysheep_mini_moat,
          lemuel_temple_firewalk_a, hangedman_decor_lopped
D:5:      lemuel_castle_with_subvaults [lemuel_castle_interior_carwin_1],
          layout_basic, minmay_misc_feat_five, mrwooster_statue_mirror
D:8:      layout_rooms, mainiacjoe_overflow_cross_hatched,
          nemelex_diamond_rough_becter, serial_undead, serial_undead_a,
          serial_undead_a, serial_undead_c, serial_undead_b, serial_undead_d,
          serial_bayou_pond_d
D:9:      layout_roguey, mainiacjoe_overflow_chevrons,
          nicolae_ashenzari_panopticon, enter_bailey_5, serial_shops,
          shop_fountains, nicolae_shop_overgrown_old_shop, shop
D:12:     layout_rooms, serial_shops, shop, shop, uniq_rupert
Temple:   oiseaux_autumnal_temple

Skill      XL: |  1  2  3  4  5  6  7  8 |
---------------+-------------------------+-----
Axes           | 3 4 5 6 7 |  7.8
Shields        | 4 5 |  5.1
Armour         | 4 |  4.9
Fighting       | 4 |  4.4

Action                   |  1- 3 |  4- 6 |  7- 9 || total
-------------------------+-------+-------+-------++-------
Melee: War axe           |   103 |   141 |   144 ||   388
 Abil: Dig               |       |     9 |    12 ||    21
       Shaft Self        |       |       |     3 ||     3
  Use: Scroll            |       |     8 |     1 ||     9
       Potion            |       |       |     1 ||     1
Armor: Scale mail        |    68 |    22 |       ||    90
       Crystal plate arm |       |    64 |    81 ||   145
Dodge: Dodged            |    25 |    25 |    10 ||    60
Block: Kite shield       |    78 |    87 |    71 ||   236
